 Dungeon Crawl Stone Soup version 0.31.0-11-ge490571c62 (console) character file.

Game seed: 582088208636079919

70 zenocrate the Covert (level 4, -11/41 HPs)
             Began as a Gnoll Delver on Feb 1, 2024.
             Was an Initiate of Cheibriados.
             Mangled by an ice beast (13 damage)
             ... on level 6 of the Dungeon.
             The game lasted 00:00:50 (207 turns).

zenocrate the Covert (Gnoll Delver)                  Turns: 207, Time: 00:00:51

Health: -11/41     AC:  3    Str: 13    XL:     4   Next: 22%
Magic:  5/5        EV: 13    Int: 10    God:    Cheibriados [......]
Gold:   0          SH:  0    Dex: 16    Spells: 5/5 levels left

rFire   . . .        a - +0 falchion
rCold   . . .        (no shield)
rNeg    . . .        b - +0 leather armour
rPois   .            (no helmet)
rElec   .            (no cloak)
rCorr   .            (no gloves)
SInv    .            (no boots)
Will    .....        (no amulet)
Stlth   ++++         (no ring)
HPRegen 0.26/turn    (no ring)
MPRegen 0.09/turn

%: no passive effects
@: slow
A: fangs 1, strong nose, distributed training
a: Renounce Religion


You were on level 6 of the Dungeon.
You worshipped Cheibriados.
Cheibriados was noncommittal.
You visited 2 branches of the dungeon, and saw 3 of its levels.

Inventory:

Hand Weapons
 a - a +0 falchion (weapon)
Armour
 b - a +0 leather armour (worn)
Wands
 g - a wand of digging (3)
Scrolls
 c - a scroll of fog
 d - a scroll of revelation
 e - a scroll of fear
Potions
 f - a potion of haste


   Skills:
 + Level 6.6 Fighting
 + Level 1.1 Short Blades
 + Level 4.6 Long Blades
 + Level 1.1 Axes
 + Level 1.1 Maces & Flails
 + Level 1.1 Polearms
 + Level 1.1 Staves
 + Level 1.1 Ranged Weapons
 + Level 1.1 Throwing
 + Level 1.1 Armour
 + Level 4.6 Dodging
 + Level 9.6 Stealth
 + Level 1.1 Shields
 + Level 1.1 Unarmed Combat
 + Level 1.1 Spellcasting
 + Level 0.9 Conjurations
 + Level 0.9 Hexes
 + Level 0.9 Summonings
 + Level 0.9 Necromancy
 + Level 0.9 Translocations
 + Level 0.9 Fire Magic
 + Level 0.9 Ice Magic
 + Level 0.9 Air Magic
 + Level 0.9 Earth Magic
 + Level 0.9 Alchemy
 + Level 1.2 Invocations
 + Level 1.1 Evocations
 + Level 1.0 Shapeshifting


You had 5 spell levels left.
You didn't know any spells.
Your spell library was empty.

Dungeon Overview and Level Annotations

Branches:
Dungeon (6/15)             Temple (1/1) D:5

Altars:
Ashenzari
Cheibriados
Elyvilon
Fedhas
Hepliaklqana
Kikubaaqudgha
Okawaru
Ru
Uskayaw
Vehumet
Xom
Yredelemnul
Zin
The Shining One


Innate Abilities, Weirdness & Mutations

You have very sharp teeth.
Your uncanny sense of smell can sniff out nearby items.
Your experience applies equally to all skills.


Message History

You have reached level 2!
You have reached level 3!
Your experience leads to an increase in your attributes!
Your base attributes are Str 11, Int 9, Dex 13.
Increase (S)trength, (I)ntelligence, or (D)exterity?
You feel agile. x2
You have reached level 4!
You feel stronger.
Unknown command.
Magic restored.
Key pressed, stopping explore.
No target in view!
HP restored.
You open the door.
There is an open door here.
An ice beast comes into view.
The helpless ice beast fails to defend itself.
You slash the ice beast!
The ice beast is moderately wounded.
The ice beast hits you. The ice beast freezes you.
You completely miss the ice beast.
You bite the ice beast, but do no damage.
The ice beast is moderately wounded.
The ice beast hits you but does no damage.
You hit the ice beast but do no damage.
The ice beast is moderately wounded.
The ice beast hits you. The ice beast freezes you!
You are too injured to fight recklessly!
You hit the ice beast. Your bite misses the ice beast.
The ice beast is heavily wounded.
The ice beast hits you. The ice beast freezes you!
* * * LOW HITPOINT WARNING * * *
The ice beast misses you.
Unknown command.
You barely miss the ice beast.
The ice beast is heavily wounded.
The ice beast hits you.
* * * LOW HITPOINT WARNING * * *
The ice beast freezes you!
You die...

#+## # .##
###..###+###.##.#
....#.........Y......
#....#.#.#....@.......
#......?...#######..##
....#.#.#.##..#
...............
##..##.........
#####..##'###..#..#
#......##...#.###..
#...........+..#...
##.##..##...#......
##.##..###+## .##
.#.....##.


You could see an ice beast.

Vanquished Creatures
  A phantom (D:6)
1 creature vanquished.

Notes
Turn   | Place    | Note
-------+----------+-------------------------------------------
     0 | D:5      | Reached skill level 9 in Stealth
     0 | D:5      | zenocrate the Gnoll Delver began the quest for the Orb.
     0 | D:5      | Reached XP level 1. HP: 23/23 MP: 1/1
    21 | Temple   | Entered the Ecumenical Temple
    29 | Temple   | Became a worshipper of Cheibriados the Contemplative
    48 | D:6      | Noticed a phantom
    61 | D:6      | Killed a phantom
    62 | D:6      | Reached skill level 1 in Short Blades
    62 | D:6      | Reached skill level 1 in Axes
    62 | D:6      | Reached skill level 1 in Maces & Flails
    62 | D:6      | Reached skill level 1 in Polearms
    62 | D:6      | Reached skill level 1 in Staves
    62 | D:6      | Reached skill level 1 in Ranged Weapons
    62 | D:6      | Reached skill level 1 in Throwing
    62 | D:6      | Reached skill level 1 in Armour
    62 | D:6      | Reached skill level 1 in Shields
    62 | D:6      | Reached skill level 1 in Unarmed Combat
    62 | D:6      | Reached skill level 1 in Spellcasting
    62 | D:6      | Reached skill level 1 in Invocations
    62 | D:6      | Reached skill level 1 in Evocations
    62 | D:6      | Reached skill level 1 in Shapeshifting
    62 | D:6      | Reached XP level 2. HP: 5/29 MP: 1/3
    62 | D:6      | Reached XP level 3. HP: 6/35 MP: 1/4
    62 | D:6      | Reached XP level 4. HP: 8/41 MP: 1/5
   196 | D:6      | Noticed an ice beast
   206 | D:6      | HP: 2/41 [ice beast (14)]
   207 | D:6      | Mangled by an ice beast

Illustrated notes

Levels and vault maps discovered:
D:5:      layout_rooms, minmay_temple_entry_from_below_b, kennysheep_boxes
D:6:      layout_gridville, mainiacjoe_overflow_paths, grunt_qazlal_sundering,
          gammafunk_temple_overflow_pools, serial_glass, glass_columns_a,
          glass_columns_a, minmay_strange_pillars, due_unseen_surprise,
          uniq_pikel
Temple:   nicolae_temple_great_sept

Skill      XL: |  1 |
---------------+----+-----
Stealth        | |  9.6
Short Blades   | 1 |  1.1
Axes           | 1 |  1.1
Maces & Flails | 1 |  1.1
Polearms       | 1 |  1.1
Staves         | 1 |  1.1
Ranged Weapons | 1 |  1.1
Throwing       | 1 |  1.1
Armour         | 1 |  1.1
Shields        | 1 |  1.1
Unarmed Combat | 1 |  1.1
Spellcasting   | 1 |  1.1
Invocations    | 1 |  1.2
Evocations     | 1 |  1.1
Shapeshifting  | 1 |  1.0
Fighting       | |  6.6
Long Blades    | |  4.6
Dodging        | |  4.6
Conjurations   | |  0.9
Hexes          | |  0.9
Summonings     | |  0.9
Necromancy     | |  0.9
Translocations | |  0.9
Fire Magic     | |  0.9
Ice Magic      | |  0.9
Air Magic      | |  0.9
Earth Magic    | |  0.9
Alchemy        | |  0.9

Action                     |  1- 3 |  4- 6 || total
---------------------------+-------+-------++-------
  Melee: Falchion          |    11 |     5 ||    16
         Bite              |     1 |     1 ||     2
   Stab: Sleeping          |       |     1 ||     1
 Armour: Leather armour    |     6 |     5 ||    11
  Dodge: Dodged            |     5 |     1 ||     6
